 Dungeon Crawl Stone Soup version 0.31.0-11-ge490571c62 (webtiles) character file.

Game seed: 17931137277725537056

11672 browni3141 the Severer (level 11, -6/105 HPs)
             Began as a Minotaur Fighter on Jan 28, 2024.
             Was an Elder of Okawaru.
             Mangled by Grum
             ... wielding a +1 spear
              (15 damage)
             ... on level 1 of the Lair of Beasts.
             The game lasted 00:06:15 (7818 turns).

browni3141 the Severer (Minotaur Fighter)           Turns: 7818, Time: 00:06:16

Health: -6/105     AC: 15    Str: 32    XL:     11   Next: 52%
Magic:  10/12      EV: 11    Int:  5    God:    Okawaru [****..]
Gold:   303        SH:  5    Dex:  9    Spells: 10/10 levels left

rFire   . . .        a - +0 war axe
rCold   . . .        c - +0 buckler
rNeg    . . .        b - +1 scale mail
rPois   .            A - +1 hat
rElec   .            D - +0 cloak
rCorr   .            (no gloves)
SInv    .            i - +2 pair of boots
Will    +....        (no amulet)
Stlth   +            C - ring "Yrry" {+Blink Str+6}
HPRegen 0.37/turn    B - ring of willpower
MPRegen 0.13/turn

%: no passive effects
@: lethally poisoned (-6 -> -9), heroic
A: horns 2, retaliatory headbutt
a: Renounce Religion, Evoke Blink, Heroism, Finesse


You were on level 1 of the Lair of Beasts.
You worshipped Okawaru.
Okawaru was greatly pleased with you.
You visited 3 branches of the dungeon, and saw 10 of its levels.
You also visited: Ossuary.

You collected 903 gold pieces.
You spent 600 gold pieces at shops.

Inventory:

Hand Weapons
 a - a +0 war axe (weapon)
Missiles
 k - 3 throwing nets
 p - 11 boomerangs (quivered)
 I - 5 javelins
Armour
 b - a +1 scale mail (worn)
 c - a +0 buckler (worn)
 i - a +2 pair of boots (worn)
 A - a +1 hat (worn)
 D - a +0 cloak (worn)
Jewellery
 f - a +6 ring of intelligence
 B - a ring of willpower (right hand)
 C - the ring "Yrry" (left hand) {+Blink Str+6}
   (You bought it in a shop on level 5 of the Dungeon)

   [ring of strength]

   Str+6:     It affects your strength (+6).
   +Blink:    It lets you blink.
 G - a ring of wizardry
Wands
 g - a wand of paralysis (2)
 E - a wand of acid (10)
Scrolls
 e - a scroll of enchant armour
 h - 4 scrolls of poison
 l - 2 scrolls of fog
 q - 2 scrolls of immolation
 u - 4 scrolls of teleportation
 x - 2 scrolls of revelation
 y - 2 scrolls of noise
 z - a scroll of vulnerability
 F - 2 scrolls of amnesia
 H - a scroll of silence {unknown}
Potions
 d - 2 potions of might
 j - 4 potions of curing
 m - a potion of resistance
 n - a potion of degeneration
 o - 2 potions of brilliance {unknown}
 r - a potion of enlightenment {unknown}
 s - a potion of attraction {unknown}
 t - a potion of lignification {unknown}
 v - a potion of ambrosia {unknown}
 w - 4 potions of heal wounds {unknown}


   Skills:
 + Level 12.7(17.7) Fighting
 * Level 16.8(21.8) Axes
 * Level 3.6(8.6) Throwing
 - Level 3.6(8.6) Armour
 - Level 3.6(8.6) Shields
 * Level 3.7 Invocations


You had 10 spell levels left.
You didn't know any spells.
Your spell library contained the following spells:

 Spells                   Type           Power      Damage    Failure   Level
 Freeze                   Ice            0%         1d3       71%         1
 Frozen Ramparts          Ice            0%         1d1       97%         3
 Hailstorm                Conj/Ice       0%         3d5       97%         3


Dungeon Overview and Level Annotations

Branches:
Dungeon (8/15)             Temple (1/1) D:6            Lair (1/5) D:8
Ossuary (visited)

Altars:
Cheibriados
Dithmenos
Elyvilon
Fedhas
Gozag
Hepliaklqana
Kikubaaqudgha
Nemelex Xobeh
Okawaru
Qazlal
Ru
Sif Muna
Trog
Uskayaw
Vehumet
Wu Jian
Xom
Zin
The Shining One

Shops:
D:5 =(

Annotations:
Lair:1 Grum


Innate Abilities, Weirdness & Mutations

You have a pair of horns on your head.
You reflexively headbutt those who attack you in melee.


Message History

The komodo dragon hisses angrily.
You hear a loud, deep croak!
You hear an angry hiss.
A bullfrog comes into view.
There are monsters nearby!
There are monsters nearby!
There are monsters nearby!
There are monsters nearby!
A komodo dragon comes into view.
The komodo dragon bites you!!
The bullfrog hits you but does no damage.
You slash the komodo dragon! Your headbutt misses the komodo dragon.
The komodo dragon is moderately wounded.
You slash the bullfrog! You hit the fungus.
The fungus begins to die.
The bullfrog closely misses you. The komodo dragon closely misses you.
You furiously retaliate!
You headbutt the komodo dragon!
A cane toad comes into view.
The cane toad gives a loud, deep croak!
You slash the komodo dragon!
The komodo dragon is almost dead.
You slash the fungus! You slash the bullfrog! You block the bullfrog's attack.
You block the komodo dragon's attack.
The bullfrog hits you but does no damage.
You slice the bullfrog!!
You kill the bullfrog!
Okawaru accepts your kill.
You hit the komodo dragon but do no damage.
You slash the fungus!
The komodo dragon bites you but does no damage.
You slash the komodo dragon!
You kill the komodo dragon!
Okawaru accepts your kill.
You hit the fungus. You slice the komodo dragon!! You slash the komodo dragon!
You headbutt the komodo dragon.
The komodo dragon is almost dead.
You hit the fungus but do no damage. The komodo dragon misses you.
You furiously retaliate!
You headbutt the komodo dragon. You barely miss the komodo dragon.
You headbutt the komodo dragon, but do no damage.
The komodo dragon is almost dead.
You hit the fungus but do no damage.
A nearby fungus withers and dies.
A wolf comes into view.
The komodo dragon bites you!
You completely miss the komodo dragon. You headbutt the komodo dragon.
You kill the komodo dragon!
Okawaru accepts your kill.
Grum the Hunter comes into view.
He is wielding a +1 spear.
A wolf comes into view.
The wolf howls!
The cane toad stings you.
You are poisoned.
The cane toad poisons you!
You see here a komodo dragon corpse.
You hit the cane toad.
The cane toad is lightly wounded.
You feel very sick. The cane toad stings you!
You hit the cane toad but do no damage. Your headbutt misses the cane toad.
The cane toad is lightly wounded.
You feel sick. The cane toad stings you!
You slice the cane toad!!
The cane toad is heavily wounded.
You slice the wolf!!
You feel sick. The wolf barely misses you. The cane toad barely misses you.
You hit the cane toad but do no damage.
You headbutt the cane toad, but do no damage.
The cane toad is heavily wounded.
You barely miss the wolf.
You feel sick. The wolf bites you! The wolf bites you but does no damage.
The cane toad closely misses you.
You barely miss the wolf. Your headbutt misses the wolf.
The wolf is almost dead.
You hit the wolf. You slash the cane toad!
You feel sick. The wolf barely misses you. You furiously retaliate!
You headbutt the wolf!
You kill the wolf!
Okawaru accepts your kill. The wolf closely misses you.
You closely miss the cane toad.
The cane toad is severely wounded.
You hit the wolf.
You feel sick. The cane toad barely misses you. You furiously retaliate!
You headbutt the cane toad!
You kill the cane toad!
Okawaru is honoured by your kill. The wolf bites you. You block Grum's attack.
You slice the wolf!!
You kill the wolf!
Okawaru accepts your kill.
You feel sick.
You feel sick. Grum closely misses you.
You gain the combat prowess of a mighty hero.
You feel sick. Grum hits you but does no damage.
You slash Grum!
Grum is moderately wounded.
You hit the plant but do no damage.
You feel sick. Grum hits you with a +1 spear.
You are too injured to fight recklessly!
You hit Grum but do no damage. You headbutt Grum!
Grum is severely wounded.
You slash the plant!
The plant begins to die.
Grum snarls.
Grum hits you with a +1 spear!
You die...

#.## ..# #.......###
#..##..#####.........#
##..#.....####.....[.##
#.....P...............##
.................##.....
.................##.....
÷..............†........
........#.......††...###
....>...........@†....#
.........>.....gP.......
##..#...................
####..#####..........##
### ##.......###
#.......# #........
#.........


You could see Grum.

Vanquished Creatures
  Urug (Lair:1)
  A cyclops (D:8)
  A manticore (D:8)
  A black mamba (Lair:1)
  2 cane toads (Lair:1)
  A rime drake (D:8)
  Jeremiah (Lair:1)
  3 komodo dragons (Lair:1)
  Psyche (D:8)
  A polar bear (D:8)
  5 blink frogs (Lair:1)
  Grinder (D:6)
  6 yaks
  A wraith (D:8)
  An acid dragon (D:8)
  Duvessa (D:4)
  5 water moccasins
  An orc warrior (D:7)
  9 ice beasts
  2 sky beasts
  A black bear (D:8)
  2 ogres (D:5)
  6 wolves
  5 centaurs
  5 phantoms
  A gnoll sergeant (D:7)
  4 bullfrogs
  7 water moccasin zombies (Ossuary)
  Dowan (D:4)
  A burial acolyte (Ossuary)
  4 wights (D:6)
  3 howler monkeys
  A crimson imp (D:3)
  2 bombardier beetles (D:5)
  2 jellies
  A spectral scorpion (Ossuary)
  A hound (D:7)
  5 orc priests
  A gnoll bouda (D:5)
  6 iguanas
  6 orc wizards
  Natasha (twice) (D:4)
  A crocodile zombie (Ossuary)
  2 mummies (Ossuary)
  5 adders
  16 gnolls
  A shadow imp (D:8)
  2 white imps
  2 ufetubi (D:6)
  An adder zombie (Ossuary)
  A dart slug (D:2)
  A ribbon worm (D:2)
  21 orcs
  6 bats
  3 endoplasms
  4 giant cockroaches
  5 gnoll zombies (Ossuary)
  9 hobgoblins
  2 jackals (D:4)
  9 kobolds
  8 quokkas
  7 ball pythons
  5 frilled lizards
  5 goblins
  A goblin zombie (D:3)
  6 jackal zombies (Ossuary)
  2 kobold skeletons (D:3)
  7 orc zombies
  2 rats
246 creatures vanquished.

Notes
Turn   | Place    | Note
-------+----------+-------------------------------------------
     0 | D:1      | browni3141 the Minotaur Fighter began the quest for the
                  | Orb.
     0 | D:1      | Reached XP level 1. HP: 19/19 MP: 0/0
     2 | D:1      | Noticed a felid
     2 | D:1      | Noticed a minotaur
     4 | D:1      | Noticed a human
     6 | D:1      | Noticed a barachi
     8 | D:1      | Noticed a vine stalker
    10 | D:1      | Noticed a demigod
    10 | D:1      | Noticed a troll
    12 | D:1      | Noticed a vampire
    14 | D:1      | Noticed a spriggan
    14 | D:1      | Noticed a demonspawn
    16 | D:1      | Noticed an elf
    16 | D:1      | Noticed an oni
    18 | D:1      | Noticed a gargoyle
    18 | D:1      | Noticed a formicid
    20 | D:1      | Noticed a draconian
    20 | D:1      | Noticed a tengu
    22 | D:1      | Noticed an armataur
    22 | D:1      | Noticed a naga
    24 | D:1      | Noticed a djinni
    24 | D:1      | Noticed a ghoul
    27 | D:1      | Noticed an octopode
    27 | D:1      | Noticed a merfolk
    61 | D:1      | Reached skill level 3 in Axes
    64 | D:1      | Reached XP level 2. HP: 26/27 MP: 1/1
   550 | D:2      | Reached XP level 3. HP: 26/33 MP: 2/2
   668 | D:2      | Reached skill level 4 in Axes
   715 | D:2      | Identified the +1 spear of Brutal Revenge {flame, Fly rF-
                  | rC+ Int+2}
   814 | D:2      | Noticed a phantom
   824 | D:2      | Killed a phantom
   825 | D:2      | Reached skill level 5 in Axes
   825 | D:2      | Reached XP level 4. HP: 36/41 MP: 3/3
  1388 | D:3      | Found a glowing golden altar of the Shining One.
  1413 | D:3      | Reached skill level 5 in Fighting
  1413 | D:3      | Reached XP level 5. HP: 48/48 MP: 4/4
  1555 | D:3      | Noticed a sky beast
  1564 | D:3      | Killed a sky beast
  1565 | D:3      | Reached skill level 6 in Axes
  1565 | D:3      | Reached XP level 6. HP: 49/56 MP: 5/5
  1739 | D:4      | Identified a scroll of acquirement
  1740 | D:4      | Acquired 480 gold pieces
  1772 | D:4      | Found a sand-covered staircase.
  1777 | Ossuary  | Entered an ossuary
  1872 | Ossuary  | Reached skill level 7 in Axes
  1918 | Ossuary  | Reached XP level 7. HP: 58/64 MP: 6/6
  1928 | Ossuary  | Reached skill level 8 in Axes
  2256 | D:4      | Reached skill level 9 in Axes
  2652 | D:4      | Noticed Natasha
  2657 | D:4      | Killed Natasha
  2658 | D:4      | Reached XP level 8. HP: 61/73 MP: 7/7
  2734 | D:4      | Noticed Duvessa
  2738 | D:4      | Noticed Dowan
  2748 | D:4      | Killed Duvessa
  2749 | D:4      | Noticed Natasha
  2750 | D:4      | Killed Dowan
  2755 | D:4      | Killed Natasha
  2880 | D:5      | Entered Level 5 of the Dungeon
  2892 | D:5      | Reached skill level 10 in Axes
  3037 | D:5      | Found a shimmering altar of Xom.
  3219 | D:5      | Found Iroffe's Weapon Emporium.
  3221 | D:5      | Found a bloodstained altar of Trog.
  3234 | D:5      | Reached skill level 11 in Axes
  3562 | D:5      | Reached XP level 9. HP: 83/83 MP: 8/8
  3858 | D:5      | Found Cuyxkap's Jewellery Shop.
  3871 | D:5      | Bought the ring "Yrry" {+Blink Str+6} for 600 gold pieces
  4116 | D:6      | Reached skill level 12 in Axes
  4297 | D:6      | Noticed Grinder
  4307 | D:6      | Killed Grinder
  4308 | D:6      | Reached skill level 10 in Fighting
  4308 | D:6      | Reached skill level 13 in Axes
  4406 | D:6      | Found a staircase to the Ecumenical Temple.
  4426 | Temple   | Entered the Ecumenical Temple
  4434 | Temple   | Became a worshipper of Warmaster Okawaru
  5077 | D:6      | Reached * piety under Okawaru
  5171 | D:7      | Reached skill level 14 in Axes
  5171 | D:7      | Reached XP level 10. HP: 38/94 MP: 9/9
  5917 | D:8      | Identified the +2 leather armour of Failure {rPois rN+}
  6033 | D:8      | Found a staircase to the Lair.
  6040 | D:8      | Reached ** piety under Okawaru
  6056 | D:8      | Reached skill level 15 in Axes
  6376 | D:8      | Found a glowing silver altar of Zin.
  6420 | D:8      | Found a hazy altar of Hepliaklqana.
  6788 | D:8      | Found a runed translucent door.
  6794 | D:8      | Reached *** piety under Okawaru
  6795 | D:8      | Noticed a cyclops
  6796 | D:8      | Noticed a manticore
  6983 | D:8      | Noticed Psyche
  6994 | D:8      | Killed Psyche
  7143 | D:8      | Killed a manticore
  7144 | D:8      | Reached skill level 16 in Axes
  7146 | D:8      | Killed a cyclops
  7221 | Lair:1   | Entered Level 1 of the Lair of Beasts
  7221 | Lair:1   | Noticed Jeremiah
  7221 | Lair:1   | Noticed a black mamba
  7229 | Lair:1   | Killed a black mamba
  7229 | Lair:1   | Reached **** piety under Okawaru
  7230 | Lair:1   | Reached XP level 11. HP: 76/105 MP: 10/10
  7235 | Lair:1   | Killed Jeremiah
  7236 | Lair:1   | Reached skill level 1 in Throwing
  7236 | Lair:1   | Reached skill level 1 in Invocations
  7464 | Lair:1   | Noticed Urug
  7472 | Lair:1   | Killed Urug
  7806 | Lair:1   | Noticed Grum
  7818 | Lair:1   | Mangled by Grum

Illustrated notes

Levels and vault maps discovered:
D:1:      kb_arrival_jail, layout_basic, minmay_pentomino_s2
D:2:      layout_basic
D:3:      layout_loops_ring, nicolae_tso_besieged_by_evil
D:4:      layout_loops_cross, enter_ossuary_2, chequers_serial_rivers_small_b,
          kennysheep_nub, grunt_ministairs_12, nrook_mini_backslash,
          uniq_natasha, uniq_duvessa
D:5:      layout_loops_cross, mainiacjoe_overflow_tiny_flanked,
          mainiacjoe_overflow_paths, serial_shops, shop, nicolae_lakefront_shop
D:6:      layout_basic, minmay_temple_entry_butterflies, minivault_1,
          uniq_grinder
D:7:      layout_basic
D:8:      layout_loops_ring, mainiacjoe_overflow_large_starburst,
          hellmonk_lair_entry_icy, wad_hexagon, uniq_psyche
Temple:   eino_narrow_crystal_temple
Lair:1:   layout_cave_shapes, beast_lair_carwin_11, uniq_grum, uniq_jeremiah,
          uniq_urug

Skill      XL: |  1  2  3  4  5  6  7  8  9 10 11 |
---------------+----------------------------------+-----
Axes           | 3 5 6 7 9 11 14 16 | 16.8
Fighting       | 4 5 6 7 9 10 12 | 12.7
Throwing       | 3 |  3.6
Invocations    | 3 |  3.7
Armour         | |  3.6
Shields        | |  3.6

Action                     |  1- 3 |  4- 6 |  7- 9 | 10-12 || total
---------------------------+-------+-------+-------+-------++-------
  Melee: War axe           |    71 |    83 |   315 |   179 ||   648
         Headbutt          |     6 |    12 |    60 |    35 ||   113
  Throw: Boomerang         |       |       |       |     8 ||     8
 Invoke: Heroism           |       |       |       |     5 ||     5
    Use: Scroll            |     3 |     2 |     2 |     9 ||    16
         Potion            |       |       |     1 |     1 ||     2
 Armour: Scale mail        |    49 |    58 |   213 |   149 ||   469
  Dodge: Dodged            |    40 |    42 |   126 |    71 ||   279
  Block: Buckler           |    13 |    18 |    58 |    38 ||   127
